Map: King Sejong Station LE

Players

Gracz

  • Race: Protoss Protoss
  • League: Silver

Fej - Winner!

  • Race: Zerg Zerg
  • League: Master

VOD

Have the link to the VOD?

Description

Time

  • Played on: Oct. 31, 2016, 11:48 a.m.
  • Length: 10:14
Show
View Real Time Build Order
Export as new Build Order

Gracz Protoss 

Build Orders:  

Get SALT Encoding   

  12  0:01  Probe (Chrono Boost)  
  13  0:13  Probe (Chrono Boost)  
  14  0:18  Pylon  
  14  0:38  Probe (Chrono Boost)  
  14  0:42  Assimilator  
  15  0:48  Probe (Chrono Boost)  
  16  0:52  Pylon  
  16  1:05  Probe (Chrono Boost)  
  17  1:12  Assimilator  
  17  1:15  Probe (Chrono Boost)  
  17  1:17  Gateway  
  18  1:29  Gateway  
  18  1:31  Probe (Chrono Boost)  
  19  1:41  Probe (Chrono Boost)  
  19  1:43  Gateway  
  20  1:52  Probe (Chrono Boost)  
  21  2:02  Probe (Chrono Boost)  
  22  2:22  Cybernetics Core  
  22  2:24  Probe (Chrono Boost)  
  22  2:28  Zealot x2  
  27  2:30  Zealot  
  27  2:34  Probe (Chrono Boost)  
  30  3:04  Pylon  
  30  3:09  Pylon  
  30  3:18  Stalker  
  30  3:22  Stalker x2  
  36  4:18  Adept  
  36  4:22  Adept x2  
  24  5:14  Stalker  
  24  5:16  Stalker  
  24  5:18  Stalker  
  30  5:22  Stargate  
  30  5:53  Stalker  
  30  5:55  Stalker  
  30  5:57  Stalker  
  36  6:08  Void Ray  
  40  6:51  Stalker  
  40  6:54  Stalker x2  
  19  7:14  Void Ray  
  4  8:03  Sentry  
  4  8:04  Zealot  
Show
View Real Time Build Order
Export as new Build Order

Fej Zerg - Winner!

Build Orders: Hatch First, Muta Ling Bane 

Get SALT Encoding   

  12  0:00  Drone  
  13  0:12  Overlord  
  13  0:16  Drone  
  14  0:30  Drone x2  
  14  0:34  Drone  
  17  0:54  Unknown, Hatchery  
  17  0:55  Drone  
  17  0:59  Drone  
  18  1:10  Extractor  
  17  1:15  Spawning Pool  
  17  1:17  Drone  
  17  1:20  Drone  
  18  1:27  Drone  
  19  1:39  Overlord  
  19  2:02  Queen  
  19  2:04  Zergling x4  
  19  2:05  Queen, Unknown  
  19  2:06  Zergling x2  
  26  2:11  Drone  
  26  2:13  Metabolic Boost  
  27  2:18  Drone  
  27  2:21  Drone  
  29  2:30  Drone  
  29  2:37  Overlord  
  30  2:38  Queen  
  30  2:42  Drone  
  30  2:43  Drone  
  34  2:51  Drone  
  35  2:57  Drone  
  36  3:01  Drone  
  36  3:04  Drone  
  38  3:06  Pneumatized Carapace  
  38  3:09  Drone  
  38  3:11  Drone x3  
  42  3:16  Overlord  
  42  3:18  Queen  
  44  3:25  Overlord  
  44  3:41  Unknown, Hatchery  
  44  3:44  Drone  
  44  3:45  Drone x3  
  44  3:46  Drone x2  
  49  3:52  Drone x3  
  52  4:00  Overlord  
  52  4:05  Zergling x2  
  52  4:06  Zergling x6  
  56  4:20  Zergling x2  
  56  4:21  Zergling x2  
  58  4:29  Zergling x4  
  60  4:31  Overlord x3  
  59  4:53  Unknown  
  59  4:55  Extractor  
  59  4:56  Extractor, Drone x2  
  56  5:15  Overlord x2  
  56  5:16  Overlord  
  56  5:39  Evolution Chamber x2, Queen  
  56  5:44  Drone  
  56  5:45  Drone x15  
  56  5:46  Overlord  
  72  5:52  Drone  
  72  5:54  Baneling Nest  
  72  5:56  Drone  
  73  6:03  Queen  
  75  6:11  Overlord  
  75  6:12  Lair  
  75  6:15  Zergling x2  
  75  6:16  Zergling x16  
  84  6:24  Zergling x4  
  86  6:37  Baneling x7  
  86  6:38  Baneling x4  
  86  6:47  Zerg Melee Weapons Level 1, Zerg Ground Armor Level 1  
  86  6:58  Spore Crawler  
  83  7:02  Unknown, Hatchery  
  79  7:09  Spore Crawler  
  79  7:10  Spore Crawler  
  76  7:24  Queen  
  78  7:32  Centrifical Hooks  
  78  7:36  Unknown, Hatchery  
  77  7:37  Drone  
  77  7:38  Spire, Extractor  
  74  8:14  Unknown  
  74  8:48  Unknown  
  74  8:54  Mutalisk, Extractor  
  74  8:55  Mutalisk x4  
  75  8:56  Extractor  
  82  9:10  Unknown, Hatchery  
  82  9:16  Zergling x24  
  82  9:17  Zergling x34  
  110  9:30  Queen  
  112  9:36  Baneling x7  
  112  9:37  Baneling x7  
  112  9:38  Baneling x2  
  112  9:39  Zergling x2  
  112  9:40  Zergling x14  
  120  9:47  Baneling  
  120  9:48  Baneling x7  
Tags
 
Add a new tag
Caveats
  • Supply blocks, unpowered buildings, or Contaminate may cause inaccurate times.
  • Supply counts are checked every 10 seconds.